 Dungeon Crawl Stone Soup version 0.29.1-2-gbd0b4ee654 (webtiles) character file.

Game seed: 16185991101497684257

443 xian the Chopper (level 6, -5/49 HPs)
             Began as a Demonspawn Berserker on Nov 12, 2022.
             Was a Believer of Trog.
             Succumbed to Edmund's poison
             ... on level 4 of the Dungeon.
             The game lasted 00:07:51 (2735 turns).

xian the Chopper (Demonspawn Berserker)             Turns: 2735, Time: 00:07:51

Health: -5/49      AC:  0    Str: 19    XL:     6   Next: 71%
Magic:  6/6        EV: 21    Int:  9    God:    Trog [**....]
Gold:   236        SH:  0    Dex: 17    Spells: 5/5 levels left

rFire   . . .      SeeInvis .   (weapon currently unavailable)
rCold   . . .      Faith    .   (shield currently unavailable)
rNeg    . . .      Spirit   .   (body armour currently unavailable)
rPois   .          Reflect  .   (helmet currently unavailable)
rElec   .          Harm     .   (cloak currently unavailable)
rCorr   .          Rampage  .   (gloves currently unavailable)
Will    .....                   (boots currently unavailable)
Stlth   ++........              (no amulet)
HPRegen 0.16/turn               (ring currently unavailable)
MPRegen 0.10/turn               (ring currently unavailable)

@: lethally poisoned (-5 -> -25), bat-form, on berserk cooldown, flying, hasted
and slowed, very quick
A: fast, flying, no casting, tiny, (antennae 1), (slimy green scales 1), powered
by death 2
a: Renounce Religion, Berserk, Trog's Hand


You were on level 4 of the Dungeon.
You worshipped Trog.
Trog was pleased with you.
You were a bat.
You visited 1 branch of the dungeon, and saw 4 of its levels.

You collected 236 gold pieces.

Inventory:

Hand Weapons
 a - a +0 hand axe
 B - a +2 quarterstaff of chaos (melded)
Missiles
 m - a throwing net (quivered)
Armour
 b - a +0 animal skin (melded)
 e - a +0 helmet
 k - a +0 robe of cold resistance
 v - a +0 pair of gloves (melded)
 A - a +2 cloak (melded)
Jewellery
 i - a ring of wizardry
 l - a +6 ring of dexterity (melded)
 p - a ring of protection from fire (melded)
Wands
 x - a wand of digging (2)
 z - a wand of polymorph (7)
Scrolls
 d - a scroll of immolation {unknown}
 f - 3 scrolls of identify
 j - a scroll of blinking {unknown}
 q - a scroll of vulnerability {unknown}
 r - a scroll of poison {unknown}
 t - 2 scrolls of torment {unknown}
 y - a scroll of enchant armour
Potions
 c - a potion of flight {unknown}
 g - 2 potions of haste
 h - a potion of curing {unknown}
 n - a potion of degeneration {unknown}
 o - a potion of attraction {unknown}
 s - 2 potions of ambrosia {unknown}
 w - a potion of lignification {unknown}


   Skills:
 + Level 4.4 Fighting
 + Level 5.0 Axes
 + Level 0.3 Staves
 + Level 1.8 Armour
 + Level 3.8 Dodging
 + Level 1.0 Stealth


You had 5 spell levels left.
You didn't know any spells.
Your spell library contained the following spells:

 Spells                   Type           Power      Damage    Failure   Level
 Call Canine Familiar     Summ           0%         N/A       77%         3
 Portal Projectile        Hex/Tloc       0%         N/A       77%         3
 Leda's Liquefaction      Hex/Erth       0%         N/A       99%         4


Dungeon Overview and Level Annotations

Branches:
Dungeon (4/15)
 Temple: D:4-7

Altars:
Sif Muna

Annotations:
D:4 Edmund


Innate Abilities, Weirdness & Mutations

You are a bat.
You are tiny and dextrous.
You move quickly.
You are flying.
Your equipment is almost entirely melded.
You are incapable of wielding weapons or throwing items.
You cannot cast spells.
((You have a pair of small antennae on your head.))
((You are partially covered in slimy green scales. (AC +2)))
You regenerate health from kills.


Message History

Edmund zaps a wand.
You resist with some effort.
Edmund zaps a wand.
You turn into a bat.
Your +2 quarterstaff of chaos melds into your body.
Your +2 cloak melds into your body.
Your +0 pair of gloves melds into your body.
Your +0 animal skin melds into your body.
Your +6 ring of dexterity melds into your body.
Your ring of protection from fire melds into your body.
You feel clumsy.
You feel your anger nearly subside.
You are no longer berserk.
You are exhausted.
You feel yourself slow down.
Edmund hits you with a +0 dire flail of venom!
You are poisoned.
You hit Edmund but do no damage.
Edmund is lightly wounded.
You feel extremely sick.
Edmund says, "People think my brother is the best.
I think he's crazy."
Edmund closely misses you.
You hit Edmund but do no damage.
Edmund is lightly wounded.
You feel very sick. Edmund barely misses you. Edmund completely misses you.
You hit Edmund but do no damage.
Edmund is lightly wounded.
You feel very sick. Edmund barely misses you.
You hit Edmund but do no damage.
Edmund is lightly wounded.
You feel sick.
Edmund hits you with a +0 dire flail of venom!
* * * LOW HITPOINT WARNING * * *
You are lethally poisoned!
You hit Edmund but do no damage.
Edmund is lightly wounded.
* * * LOW HITPOINT WARNING * * *
You feel extremely sick. Edmund misses you.
It was a potion of haste.
You feel yourself speed up.
You die...

*,,,,,,.,,,*******,*,*,*,* #..).
*,,,,,,..,,* #.#,*,*,* #.##.
*,,,,,,...,* #.#.#,#,* #.#..
,,,,,,,,,..###* #.#.#,#.*###...#
,,,,,,,,,,,...## #.#.#,#.##...###
,,,,,,,,,,**#.$###.#.#.#.......##
,,,****,,****#..##.#.#.###.##..##
,***~~****~~*##....#.#.........#
,,,~~~~~~~~~~#..b@.#.###.###...#
,***~~****~~*####.......>......#
,******~~**~#........#.#.#.#...#
,,,*~~~~~~*~##########.#.#.#,..#
****~~~~∩~*~* #.#.#,#,,.#
*~**~~**~* #.#.#,*,,.#*
**~~****~~** #.#.#,,,,,,,
*~~~~~~~~~~* #.#.#****,**
**~~****~~** #.#..,,,,,,,


You could see Edmund.

Vanquished Creatures
  Grinder (D:3)
  A scorpion (D:3)
  2 hounds (D:4)
  Crazy Yiuf (D:3)
  5 adders
  5 dart slugs
  4 orcs (D:3)
  2 endoplasms (D:3)
  2 giant cockroaches (D:1)
  3 goblins
  A hobgoblin (D:2)
  6 kobolds
  A quokka (D:4)
  4 ball pythons
  5 bats
  5 frilled lizards
  3 rats
51 creatures vanquished.

Vanquished Creatures (others)
  An adder zombie (D:4)
  4 toadstools (D:1)
5 creatures vanquished.

Grand Total: 56 creatures vanquished

Notes
Turn   | Place    | Note
-------+----------+-------------------------------------------
     0 | D:1      | xian the Demonspawn Berserker began the quest for the Orb.
     0 | D:1      | Reached XP level 1. HP: 18/18 MP: 1/1
   501 | D:1      | Gained mutation: You regenerate a little health from kills.
                  | [demonic ancestry]
   501 | D:1      | Reached XP level 2. HP: 23/24 MP: 2/2
   548 | D:1      | Reached skill level 3 in Axes
  1088 | D:2      | Found a shimmering blue altar of Sif Muna.
  1314 | D:2      | Reached ** piety under Trog
  1315 | D:2      | Gained mutation: You regenerate health from kills. [demonic
                  | ancestry]
  1315 | D:2      | Reached XP level 3. HP: 17/29 MP: 3/3
  1944 | D:3      | Noticed a scorpion
  1955 | D:3      | Killed a scorpion
  1956 | D:3      | Gained mutation: You are partially covered in slimy green
                  | scales. (AC +2) [demonic ancestry]
  1956 | D:3      | Reached XP level 4. HP: 37/37 MP: 4/4
  2252 | D:3      | Noticed Grinder
  2298 | D:3      | Killed Grinder
  2299 | D:3      | Reached skill level 4 in Axes
  2299 | D:3      | Gained mutation: You have a pair of small antennae on your
                  | head. [demonic ancestry]
  2299 | D:3      | Reached XP level 5. HP: 42/42 MP: 5/5
  2299 | D:3      | Reached XP level 6. HP: 48/48 MP: 6/6
  2486 | D:3      | Found a runed translucent door.
  2487 | D:3      | Noticed Crazy Yiuf
  2494 | D:3      | Killed Crazy Yiuf
  2718 | D:4      | Noticed Edmund
  2722 | D:4      | Reached skill level 5 in Axes
  2722 | D:4      | Reached skill level 1 in Stealth
  2734 | D:4      | HP: 2/49 [poisoned by Edmund]
  2735 | D:4      | Succumbed to Edmund's poison

Illustrated notes

Levels and vault maps discovered:
D:1:      ldierk_water_garden, layout_loops_cross, minivault_23
D:2:      layout_rooms, basic_altar, hangedman_decor_push
D:3:      layout_loops_ring, elyvilon_altar_3, roderic_roman_lattice,
          minmay_crystal_room, minmay_misc_feat_doors, uniq_grinder,
          uniq_crazy_yiuf_cottage
D:4:      layout_basic, nicolae_overflow_hidden_temple, gup_sewer_entry_bubbles,
          minmay_statues_item, uniq_edmund, uniq_sigmund, uniq_eustachio

Skill      XL: |  1  2  3  4  5  6 |
---------------+-------------------+-----
Dodging        | 2 3 |  3.8
Axes           | 3 4 5 |  5.0
Fighting       | 4 |  4.4
Stealth        | 1 |  1.0
Staves         | |  0.3
Armour         | |  1.8

Action                   |  1- 3 |  4- 6 || total
-------------------------+-------+-------++-------
Melee: Hand axe          |   118 |    19 ||   137
       Quarterstaff      |       |    29 ||    29
       Unarmed           |       |     7 ||     7
Invok: Berserk           |     2 |     3 ||     5
  Use: Scroll            |       |     3 ||     3
       Potion            |       |     1 ||     1
Armor: Animal skin       |    33 |    26 ||    59
       Skin              |       |     1 ||     1
Dodge: Dodged            |   104 |    63 ||   167
